 Dungeon Crawl Stone Soup version 0.28-a0-1152-g9c71ebef14 (webtiles) character file.

Game seed: 12363182444720552571

2 spaghetti the Sneak (level 1, -3/16 HPs)
             Began as an Octopode Delver on Dec 14, 2021.
             Killed from afar by an orc wizard (6 damage)
             ... with a magic dart
             ... on level 5 of the Dungeon.
             The game lasted 00:00:30 (36 turns).

spaghetti the Sneak (Octopode Delver)                 Turns: 36, Time: 00:00:31

Health: -3/16      AC:  1    Str: 11    XL:     1   Next: 30%
Magic:  1/1        EV: 13    Int: 12    God:
Gold:   0          SH:  0    Dex: 13    Spells: 0/0 levels left

rFire   . . .      SeeInvis .   a - +0 short sword {short}
rCold   . . .      Faith    .   (no shield)
rNeg    . . .      Spirit   .   (helmet restricted)
rPois   .          Reflect  .   (no amulet)
rElec   .          Harm     .   (no ring)
rCorr   .          Rampage  .   (no ring)
Will    .....                   (no ring)
Stlth   ++........              (no ring)
HPRegen 0.05/turn               (no ring)
MPRegen 0.07/turn               (no ring)
                                (no ring)
                                (no ring)

@: confused, hasted, very quick
A: almost no armour, amphibious, 8 rings, camouflage 1, gelatinous body 1,
(nimble swimmer 1), tentacles
a: no special abilities


You were on level 5 of the Dungeon.
You visited 1 branch of the dungeon, and saw 1 of its levels.


Innate Abilities, Weirdness & Mutations

You cannot wear most types of armour.
You are amphibious.
You can wear up to eight rings at the same time.
Your skin changes colour to match your surroundings (Stealth+).
Your rubbery body absorbs attacks. (AC +1, EV +1)
((You are camouflaged near water. (Stealth+)))
You have tentacles for arms and can constrict up to eight enemies at once.


   Skills:
 - Level 3.0 Fighting
 - Level 2.0 Short Blades
 + Level 2.2 Dodging
 - Level 6.6 Stealth


You couldn't memorise any spells.
You didn't know any spells.
Your spell library was empty.

Inventory:

Hand Weapons
 a - a +0 short sword (weapon) {short}
Wands
 f - a wand of digging (3)
Scrolls
 b - a scroll of fog
 c - a scroll of magic mapping {!r}
 d - a scroll of fear

Dungeon Overview and Level Annotations

Branches:
Dungeon (5/15)
 Temple: D:4-7

Altars:
Okawaru

### ## #.. . .#
########.. #.## ..
.......>.. .... .#
#.##....#. #..###.#
.....##... ......
###.....#.
#..#####...#####.#.
#@)....._.. +...
######o#####:..#####...
............#####.......
######.............#.###
...)####...#####.#.#
###. ##### #.#.# #.
#.o.. # ###.# ...


You could see an orc wizard.


Message History

🤖 Initializing magus.rc ...
Options error: Delay interrupt name "hungry" not recognised. (~/.crawlrc:4771) ✅ Successfully initialized magus.rc [v1.9.6] Welcome, spaghetti the Octopode Delver.
Are you destined to find the breathtaking Orb of Zot, or to die trying?
Press ? for a list of commands and other information.
Found a stone staircase leading down.
Unknown command.
An orc priest and an orc wizard come into view.
An orc comes into view. It is wielding a +0 war axe.
The orc shouts!
The orc priest shouts!
You hear a shout!
An orc comes into view. It is wielding a +0 falchion.
The orc hits you but does no damage.
The orc wizard points at you and mumbles some strange words.
The magic dart hits you. The orc completely misses you. 😮 HP[-5]
You take 5 damage, and now have 11/16 hp.
MASSIVE DAMAGE!! (PAUSE) 😮 HP[+1]
You open the door. The orc barely misses you.
Found a Grand Grimoire.
Found an iron altar of Okawaru.
The orc hits you with a +0 falchion.
* * * LOW HITPOINT WARNING * * *
There is an open door, spattered with blood here. 😨 HP[-4]
You take 4 damage, and now have 8/16 hp.
MASSIVE DAMAGE!! (PAUSE)
You hit the orc. You grab the orc. You squeeze the orc.
You kill the orc!
Okay, then.
Okay, then.
The orc wizard points at you and mumbles some strange words.
You are confused.
There is an open door, spattered with blood here.
Things that are here:
a +0 falchion {long}; an orc corpse Unknown command.
Unknown command.
Unknown command.
You bump into the crystal wall.
The orc wizard completely misses you.
You hit the orc wizard. The orc wizard completely misses you.
Unknown command.
You hit the orc wizard. The orc wizard closely misses you.
You bump into the crystal wall.
The orc wizard hits you with a +0 dagger.
* * * LOW HITPOINT WARNING * * *
😨 HP[-1]
You take 1 damage, and now have 7/16 hp.
Unknown command.
You hit the orc wizard.
The orc wizard gestures at you while chanting.
You are more confused.
Unknown command.
Unknown command.
You closely miss the orc wizard. The orc wizard misses you.
You bump into the crystal wall.
The orc wizard completely misses you.
You bump into the crystal wall.
The orc wizard hits you with a +0 dagger.
* * * LOW HITPOINT WARNING * * *
😱 HP[-4]
You take 4 damage, and now have 3/16 hp.
MASSIVE DAMAGE!! (PAUSE) Unknown command.
Unknown command.
The orc wizard barely misses you.
You hit the orc wizard but do no damage.
The orc wizard points at you and mumbles some strange words.
You resist with significant effort.
You are too confused!
Unknown command.
You feel yourself speed up. The orc wizard casts a spell at you.
The magic dart hits you.
You die...

Action                   || total
-------------------------++-------
Melee: Short sword       ||     6
       Constrict         ||     1
       Tentacles         ||     1
  Use: Potion            ||     1
Armor: Skin              ||     1
Dodge: Dodged            ||     8

Levels and vault maps discovered:
D:5:      layout_loops_ring, mainiacjoe_overflow_surrounded_room,
          kennysheep_generic_room_16

Notes
Turn   | Place    | Note
-------+----------+-------------------------------------------
     0 | D:5      | spaghetti the Octopode Delver began the quest for the Orb.
     0 | D:5      | Reached XP level 1. HP: 16/16 MP: 1/1
     0 | D:5      | magus.rc [v1.9.6]
     5 | D:5      | Noticed an orc wizard
     5 | D:5      | Noticed an orc priest
    21 | D:5      | Found an iron altar of Okawaru.
    33 | D:5      | HP: 3/16 [orc wizard (4)]
    36 | D:5      | Killed from afar by an orc wizard

Vanquished Creatures
  An orc (D:5)
1 creature vanquished.

Table legend:
 A = Non-vault XP
 B = Vault XP
 C = Vault XP percentage of total XP
 D = Non-vault monster count
 E = Vault monster count
 F = Vault count percentage of total count
                 A         B        C        D         E       F
            +---------+---------+-------+---------+---------+-------
      Total |       3 |       0 |   0.0 |       1 |       0 |   0.0
            +---------+---------+-------+---------+---------+-------
        D:5 |       3 |       0 |   0.0 |       1 |       0 |   0.0
            +---------+---------+-------+---------+---------+-------

Illustrated notes

Table legend:
 A = Kills in this place as a percentage of kills in entire the game.
 B = Kills by you in this place as a percentage of kills by you in the entire game.
 C = Kills by friends in this place as a percentage of kills by friends in the entire game.
 D = Other kills in this place as a percentage of other kills in the entire game.
 E = Experience gained in this place as a percentage of experience gained in the entire game.
 F = Experience gained in this place divided by the number of levels of this place that you have seen.
                   A       B       C       D       E      F
               +-------+-------+-------+-------+-------+----------------------
         Total | 100.0 | 100.0 |   N/A |   N/A | 100.0 |   3.0
       Dungeon | 100.0 | 100.0 |   N/A |   N/A | 100.0 |   3.0
               +-------+-------+-------+-------+-------+----------------------

Table legend: (Time is in decaauts)
 A = Elapsed time spent in this place.
 B = Non-inter-level travel time spent in this place.
 C = Inter-level travel time spent in this place.
 D = Time resting spent in this place.
 E = Time spent auto-exploring this place.
 F = Levels seen in this place.
 G = Mean time per level.
                   A        B        C        D        E       F      G
               +--------+--------+--------+--------+--------+-----+--------+
         Total |     36 |     36 |      0 |      0 |      5 |   1 |   36.0 |
       Dungeon |     36 |     36 |      0 |      0 |      5 |   1 |   36.0 |
               +--------+--------+--------+--------+--------+-----+--------+

Top non-repeatable levels by time:
     D:5: 36 daAuts
